 Dungeon Crawl Stone Soup version 0.31-a0-1603-gbec6b6ccbf (webtiles) character file.

Game seed: 18301919245800996212

149 Sabo the Ducker (level 5, -2/47 HPs)
             Began as a Gnoll Monk on Jan 8, 2024.
             Was an Initiate of Ashenzari.
             Slain by a sleepcap (4 damage)
             ... on level 4 of the Dungeon.
             The game lasted 00:15:46 (3008 turns).

Sabo the Ducker (Gnoll Monk)                        Turns: 3008, Time: 00:15:47

Health: -2/47      AC:  8    Str: 12    XL:     5   Next: 31%
Magic:  7/7        EV:  8    Int: 10    God:    Ashenzari [......]
Gold:   50         SH:  0    Dex: 14    Spells: 7/7 levels left

rFire   . . .        a - +0 hand axe
rCold   . . .        d - orb "Mantic Cynicism" {light, Comp, Melee} (curse)
rNeg    . . .        l - +0 chain mail
rPois   .            (no helmet)
rElec   .            (no cloak)
rCorr   .            (no gloves)
SInv    .            (no boots)
Will    .....        (no amulet) Stlth
                     (no ring)
HPRegen 0.27/turn    (no ring)
MPRegen 0.10/turn

%: no passive effects
@: glowing
A: fangs 1, strong nose, distributed training
a: Renounce Religion, Curse Item, Shatter the Chains


You were on level 4 of the Dungeon.
You worshipped Ashenzari.
Ashenzari was noncommittal.
You visited 2 branches of the dungeon, and saw 5 of its levels.

You collected 50 gold pieces.

Inventory:

Hand Weapons
 a - a +0 hand axe (weapon)
Missiles
 j - 8 poisoned darts
Armour
 d - the cursed orb "Mantic Cynicism" (worn) {light, Comp, Melee}

   It has a curse which improves the following skills: Companions: Summonings
   and Necromancy.
   Melee Combat: Short Blades, Long Blades, Axes, Maces & Flails, Polearms,
   Staves and Unarmed Combat.
 l - a +0 chain mail (worn)
Jewellery
 k - a ring of fire
Scrolls
 b - a scroll of enchant armour
 e - a scroll of silence
 f - 4 scrolls of teleportation
Potions
 c - a potion of ambrosia
 g - a potion of magic {unknown}
 h - 2 potions of curing {unknown}
 i - a potion of might {unknown}


   Skills:
 + Level 6.7 Fighting
 + Level 1.5(1.8) Short Blades
 + Level 1.5(1.8) Long Blades
 + Level 6.7(7.1) Axes
 + Level 1.5(1.8) Maces & Flails
 + Level 1.5(1.8) Polearms
 + Level 1.5(1.8) Staves
 + Level 1.5 Ranged Weapons
 + Level 1.5 Throwing
 + Level 1.5 Armour
 + Level 6.7 Dodging
 + Level 1.5 Stealth
 + Level 1.5 Shields
 + Level 1.5(1.8) Unarmed Combat
 + Level 1.5 Spellcasting
 + Level 1.2 Conjurations
 + Level 1.2 Hexes
 + Level 1.2(1.4) Summonings
 + Level 1.2(1.4) Necromancy
 + Level 1.2 Translocations
 + Level 1.2 Fire Magic
 + Level 1.2 Ice Magic
 + Level 1.2 Air Magic
 + Level 1.2 Earth Magic
 + Level 1.2 Alchemy
 + Level 1.7 Invocations
 + Level 1.5 Evocations
 + Level 1.3 Shapeshifting


You had 7 spell levels left.
You didn't know any spells.
Your spell library contained the following spells:

 Spells                   Type           Power      Damage    Failure   Level
 Stone Arrow              Conj/Erth      6%         3d7       100%        3
 Anguish                  Hex/Necr       1%         N/A       100%        4
 Animate Armour           Summ/Erth      6%         N/A       100%        4
 Cause Fear               Hex            1%         N/A       100%        4
 Alistair's Intoxication  Alch           2%         N/A       100%        5
 Borgnjor's Vile Clutch   Necr/Erth      1%         N/A       100%        5
 Eringya's Noxious Bog    Alch           1%         4d6       100%        6
 Enfeeble                 Hex            1%         N/A       100%        7
 Lehudib's Crystal Spear  Conj/Erth      1%         10d2      100%        8


Dungeon Overview and Level Annotations

Branches:
Dungeon (4/15)             Temple (1/1) D:4

Altars:
Ashenzari
Cheibriados
Elyvilon
Gozag
Makhleb
Nemelex Xobeh
Okawaru
Qazlal
Sif Muna
Trog
Uskayaw
Xom
Zin


Innate Abilities, Weirdness & Mutations

You have very sharp teeth.
Your uncanny sense of smell can sniff out nearby items.
Your experience applies equally to all skills.


Message History

The sleepcap releases spores at you but does no damage.
You hit the sleepcap.
The sleepcap is lightly damaged.
The sleepcap releases spores at you.
You hit the sleepcap.
The sleepcap is lightly damaged.
The sleepcap releases spores at you.
You hit the sleepcap but do no damage.
The sleepcap is lightly damaged.
The sleepcap releases spores at you.
You are engulfed in a cloud of soporific spores!
You are unaffected.
You hit the sleepcap but do no damage.
You bite the sleepcap, but do no damage.
The sleepcap is lightly damaged.
The sleepcap releases spores at you!
You are engulfed in a cloud of soporific spores!
You fall asleep.
The sleepcap releases spores at you!!
You wake up.
* * * LOW HITPOINT WARNING * * *
You hit the sleepcap.
The sleepcap is moderately damaged.
The sleepcap closely misses you.
You hit the sleepcap.
The sleepcap is heavily damaged.
The sleepcap releases spores at you but does no damage.
You slash the sleepcap!
The sleepcap is severely damaged.
The sleepcap releases spores at you!
* * * LOW HITPOINT WARNING * * *
You are engulfed in a cloud of soporific spores!
You are unaffected.
You hit the sleepcap but do no damage.
You bite the sleepcap, but do no damage.
The sleepcap is severely damaged.
The sleepcap releases spores at you but does no damage.
You hit the sleepcap but do no damage.
The sleepcap is severely damaged.
The sleepcap releases spores at you.
You die...

#.#..###. #....8.
#.#......####....⌠
#.#...........#.8.
#(#..............⌠
#.#.............8.
#.#.#####......... .
#.#...###.####...# .. #.#
#......# ##### ... #@#
##.....## ...f####f#
#.###..######
#......#.#+##.#?#........
.......#......###..#...##
...........(.......+...#
...######....##....# ...#
#........####### ...
..##.##.....'.....# ##.
...#.##.....#####.#


You could see a sleepcap.

Vanquished Creatures
  A howler monkey (D:4)
  An adder (D:2)
  2 dart slugs
  2 ribbon worms
  6 orcs
  4 ball pythons
  8 endoplasms
  4 giant cockroaches
  5 goblins
  10 hobgoblins
  10 jackals
  5 quokkas
  2 frilled lizards (D:1)
  4 kobolds
  13 rats
77 creatures vanquished.

Notes
Turn   | Place    | Note
-------+----------+-------------------------------------------
     0 | D:1      | Sabo the Gnoll Monk began the quest for the Orb.
     0 | D:1      | Reached XP level 1. HP: 23/23 MP: 1/1
    68 | D:1      | Reached XP level 2. HP: 27/29 MP: 2/2
   747 | D:1      | Reached XP level 3. HP: 30/35 MP: 3/3
   915 | D:2      | Reached skill level 1 in Invocations
   924 | D:2      | Reached skill level 1 in Short Blades
   924 | D:2      | Reached skill level 1 in Long Blades
   924 | D:2      | Reached skill level 1 in Maces & Flails
   924 | D:2      | Reached skill level 1 in Polearms
   924 | D:2      | Reached skill level 1 in Staves
   924 | D:2      | Reached skill level 1 in Ranged Weapons
   924 | D:2      | Reached skill level 1 in Throwing
   924 | D:2      | Reached skill level 1 in Armour
   924 | D:2      | Reached skill level 1 in Stealth
   924 | D:2      | Reached skill level 1 in Shields
   924 | D:2      | Reached skill level 1 in Unarmed Combat
   924 | D:2      | Reached skill level 1 in Spellcasting
   924 | D:2      | Reached skill level 1 in Evocations
  1082 | D:2      | Reached skill level 1 in Shapeshifting
  1082 | D:2      | Reached XP level 4. HP: 29/41 MP: 5/5
  1783 | D:3      | Found a sparkling altar of Nemelex Xobeh.
  1842 | D:3      | Reached skill level 1 in Conjurations
  1842 | D:3      | Reached skill level 1 in Hexes
  1842 | D:3      | Reached skill level 1 in Summonings
  1842 | D:3      | Reached skill level 1 in Necromancy
  1842 | D:3      | Reached skill level 1 in Translocations
  1842 | D:3      | Reached skill level 1 in Fire Magic
  1842 | D:3      | Reached skill level 1 in Ice Magic
  1842 | D:3      | Reached skill level 1 in Air Magic
  1842 | D:3      | Reached skill level 1 in Earth Magic
  1842 | D:3      | Reached skill level 1 in Alchemy
  2778 | D:4      | Found a staircase to the Ecumenical Temple.
  2805 | D:4      | Reached XP level 5. HP: 43/47 MP: 7/7
  2807 | Temple   | Entered the Ecumenical Temple
  2873 | Temple   | Became a worshipper of Ashenzari the Shackled
  3006 | D:4      | HP: 1/47 [sleepcap (7)]
  3008 | D:4      | Slain by a sleepcap

Illustrated notes

Levels and vault maps discovered:
D:1:      minmay_arrival_solitary_statue, layout_loops_ring
D:2:      layout_loops_cross
D:3:      layout_basic, mainiacjoe_overflow_24_doors
D:4:      layout_basic, nicolae_ru_path_of_blood,
          minmay_temple_entry_statues_fountains, eino_tiny_chamber,
          item_on_display_a
Temple:   minmay_temple_forest_path

Skill      XL: |  1  2  3  4 |
---------------+-------------+-----
Invocations    | 1 |  1.7
Short Blades   | 1 |  1.5
Long Blades    | 1 |  1.5
Maces & Flails | 1 |  1.5
Polearms       | 1 |  1.5
Staves         | 1 |  1.5
Ranged Weapons | 1 |  1.5
Throwing       | 1 |  1.5
Armour         | 1 |  1.5
Stealth        | 1 |  1.5
Shields        | 1 |  1.5
Unarmed Combat | 1 |  1.5
Spellcasting   | 1 |  1.5
Evocations     | 1 |  1.5
Shapeshifting  | 1 |  1.3
Conjurations   | 1 |  1.2
Hexes          | 1 |  1.2
Summonings     | 1 |  1.2
Necromancy     | 1 |  1.2
Translocations | 1 |  1.2
Fire Magic     | 1 |  1.2
Ice Magic      | 1 |  1.2
Air Magic      | 1 |  1.2
Earth Magic    | 1 |  1.2
Alchemy        | 1 |  1.2
Fighting       | |  6.7
Axes           | |  6.7
Dodging        | |  6.7

Action                     |  1- 3 |  4- 6 || total
---------------------------+-------+-------++-------
  Melee: Hand axe          |    86 |   134 ||   220
         Bite              |    14 |    14 ||    28
 Invoke: Curse Item        |       |     1 ||     1
    Use: Scroll            |     1 |     2 ||     3
 Armour: Robe              |     6 |       ||     6
         Leather armour    |    26 |     9 ||    35
         Chain mail        |       |    58 ||    58
         Ring mail         |       |    14 ||    14
  Dodge: Dodged            |    51 |    63 ||   114

Table legend: (Time is in decaauts)
 A = Elapsed time spent in this place.
 B = Non-inter-level travel time spent in this place.
 C = Inter-level travel time spent in this place.
 D = Time resting spent in this place.
 E = Time spent auto-exploring this place.
 F = Levels seen in this place.
 G = Mean time per level.
                   A        B        C        D        E       F      G
               +--------+--------+--------+--------+--------+-----+--------+
         Total |   3000 |   3000 |      0 |    231 |      0 |   5 |  600.0 |
       Dungeon |   2854 |   2854 |      0 |    231 |      0 |   4 |  713.5 |
        Temple |    145 |    145 |      0 |      0 |      0 |   1 |  145.0 |
               +--------+--------+--------+--------+--------+-----+--------+

Top non-repeatable levels by time:
     D:3: 1000 daAuts
     D:1: 859 daAuts
     D:2: 797 daAuts
     D:4: 198 daAuts
  Temple: 145 daAuts
